 Dungeon Crawl Stone Soup version 0.23.0 (webtiles) character file.

Game seed: 11271550768392354158

125072 YuikonoTournament the Unseen (level 16, -23/93 HPs)
             Began as a Spriggan Assassin on Feb 11, 2019.
             Was an Initiate of Gozag.
             Killed from afar by Frances (35 damage)
             ... with an iron shot
             ... on level 4 of the Lair of Beasts.
             The game lasted 03:44:49 (48534 turns).

YuikonoTournament the Unseen (Spriggan Assassin)   Turns: 48534, Time: 03:44:49

Health: -23/93     AC:  8    Str: 11    XL:     16   Next: 40%
Magic:  24/24      EV: 27    Int: 16    God:    Gozag
Gold:   3298       SH:  8    Dex: 18    Spells: 8/25 levels left

rFire    + . .     SeeInvis +   a - +4 dagger (venom)
rCold    + + +     Gourm    .   o - +0 buckler
rNeg     . . .     Faith    .   G - +2 robe {rC+ rF+}
rPois    +         Spirit   .   l - +2 hat
rElec    +         Reflect  .   L - +1 cloak
rCorr    .         Harm     .   (gloves unavailable)
MR       +++..     Clarity  +   (boots unavailable)
Stlth    +++++++...             i - amulet "Deahoav" {+Rage rC+++ MR+ Dex-3}
HPRegen  0.25/turn              g - ring of poison resistance
MPRegen  0.19/turn              U - ring "Mychos" {Wiz +Fly rElec Str+2 Slay+3}

@: studying Hexes, very quick
A: very small, unfitting armour, see invisible, clarity, herbivore, speed 3,
slow metabolism 2, strong 1
a: Potion Petition, Call Merchant, Bribe Branch, Renounce Religion, Evoke
Berserk Rage, Evoke Flight


You were on level 4 of the Lair of Beasts.
You worshipped Gozag.
Gozag was most pleased with you.
You were very hungry.

You visited 4 branches of the dungeon, and saw 24 of its levels.
You also visited: Volcano.

You collected 10009 gold pieces.
You spent 4561 gold pieces at shops.
You paid 2150 gold pieces to Gozag.

Inventory:

Hand Weapons
 a - a +4 dagger of venom (weapon)
 b - a +0 blowgun
 c - the +2 fustibalus of Vexeliv {velocity, rC+ Str+2}
   (You found it on level 1 of the Lair of Beasts)

   Any stone fired from it inflicts extra damage.
   It affects your strength (+2).
   It protects you from cold.
Missiles
 e - 126 poisoned needles
 k - 488 stones (quivered)
 D - 5 needles of confusion
 J - 89 sling bullets
Armour
 l - a +2 hat (worn)
 o - a +0 buckler (worn)
 F - the quicksilver dragon scales "Ahen" {MR+ Regen+ Str+3 Stlth-}
   (You bought it in a shop on level 1 of the Lair of Beasts)

   It affects your strength (+3).
   It affects your resistance to hostile enchantments.
   It increases your rate of regeneration.
   It makes you less stealthy.
 G - a +2 robe of resistance (worn)
 L - a +1 cloak (worn)
Magical Staves
 H - an uncursed staff of poison
Jewellery
 f - a +4 ring of slaying
 g - a ring of poison resistance (left hand)
 i - the amulet "Deahoav" (around neck) {+Rage rC+++ MR+ Dex-3}
   (You bought it in a shop on level 1 of the Lair of Beasts)

   [amulet of rage]

   It affects your dexterity (-3).
   It renders you almost immune to cold.
   It affects your resistance to hostile enchantments.
   It lets you go berserk.
 U - the ring "Mychos" (right hand) {Wiz +Fly rElec Str+2 Slay+3}
   (You bought it in a shop on level 1 of the Lair of Beasts)

   [ring of wizardry]

   It improves your spell success rate.
   It affects your strength (+2).
   It affects your accuracy and damage with ranged weapons and melee attacks
   (+3).
   It insulates you from electricity.
   It lets you fly.
Wands
 r - a wand of polymorph (25)
 C - a wand of paralysis (7)
 E - a wand of acid (26)
 K - a wand of enslavement (16)
 O - a wand of iceblast (7)
Scrolls
 m - a scroll of holy word
 t - a scroll of brand weapon
 y - a scroll of identify
 z - a scroll of amnesia
 B - 6 scrolls of fear
 I - a scroll of summoning
 M - 7 scrolls of enchant armour
 N - 4 scrolls of enchant weapon
 Q - 2 scrolls of fog
 R - a scroll of immolation
 W - 3 scrolls of magic mapping
 Y - 4 scrolls of teleportation
 Z - 9 scrolls of remove curse
Potions
 d - 2 potions of resistance
 h - 4 potions of agility
 j - 5 potions of curing
 n - 5 potions of might
 p - 4 potions of haste
 u - 5 potions of lignification
 v - a potion of heal wounds
 w - 4 potions of brilliance
 x - 2 potions of ambrosia
 P - a potion of invisibility
 X - a potion of magic
Books
 S - a manual of Hexes
Miscellaneous
 q - a lightning rod (4/4)
 s - a phantom mirror
 T - a fan of gales (inert)
 V - a box of beasts


   Skills:
 - Level 14.1 Fighting
 + Level 8.2 Short Blades
 - Level 11.0(11.1) Slings
 - Level 2.0(6.2) Throwing
 - Level 10.6 Dodging
 + Level 19.2 Stealth
 - Level 7.2 Shields
 - Level 5.0 Spellcasting
 - Level 16.1 Hexes
 - Level 1.7 Ice Magic
 - Level 3.7 Air Magic
 - Level 4.1 Poison Magic
 - Level 7.5 Evocations


You had 8 spell levels left.
You knew the following spells:

 Your Spells              Type           Power        Failure   Level  Hunger
a - Confusing Touch       Hex            ######       0%          1    None
b - Slow                  Hex            ######..     1%          2    #......
c - Corona                Hex            ######.      0%          1    None
d - Confuse               Hex            ######..     1%          3    ###....
e - Tukima's Dance        Hex            ######..     1%          3    ###....
f - Blink                 Tloc           N/A          9%          2    #......
g - Ensorcelled Hibernat  Hex/Ice        ####..       1%          2    #......
h - Mephitic Cloud        Conj/Pois/Air  ##......     6%          3    ###....

Your spell library contained the following spells:

 Spells                   Type           Power        Failure   Level  Hunger
 Dazzling Spray           Conj/Hex       ####..       1%          3    ###....
 Shock                    Conj/Air       ##..         2%          1    None
 Fulminant Prism          Conj/Hex       ####......   2%          4    ####...
 Swiftness                Chrm/Air       ##......     4%          2    #......
 Animate Skeleton         Necr           N/A          6%          1    None
 Apportation              Tloc           #.....       6%          1    None
 Beastly Appendage        Tmut           #.....       6%          1    None
 Magic Dart               Conj           #...         6%          1    None
 Sandblast                Erth           #.....       6%          1    None
 Summon Small Mammal      Summ           #...         6%          1    None
 Spider Form              Tmut/Pois      ##........   8%          3    ###....
 Call Imp                 Summ           #.......     9%          2    #......
 Passwall                 Tmut/Erth      #.......     9%          2    #......
 Searing Ray              Conj           #.....       9%          2    #......
 Sticks to Snakes         Tmut           #.......     9%          2    #......
 Static Discharge         Conj/Air       ##......     9%          3    ###....
 Airstrike                Air            ###.......   13%         4    ####...
 Conjure Flame            Conj/Fire      #.......     17%         3    ###....
 Stone Arrow              Conj/Erth      #.....       17%         3    ###....
 Ice Form                 Ice/Tmut       #.......     38%         4    ####...
 Force Lance              Conj/Tloc      #.......     50%         4    ####...
 Iskenderun's Mystic Bla  Conj           #.......     50%         4    ####...
 Petrify                  Tmut/Erth      #.......     50%         4    ####...
 Lightning Bolt           Conj/Air       ##........   58%         5    ######.
 Blade Hands              Tmut           #.........   82%         5    ######.
 Lee's Rapid Deconstruct  Erth           #.........   82%         5    ######.


Dungeon Overview and Level Annotations

Branches:
Dungeon (15/15)            Temple (1/1) D:7            Lair (6/6) D:10
  Swamp (0/4) Lair:3       Spider (2/4) Lair:4        Slime (0/5) Lair:6
    Orc (0/2) D:12         Vaults (0/5) D:13         Depths (0/5) D:15

Altars:
Ashenzari
Cheibriados
Dithmenos
Elyvilon
Fedhas
Gozag
Hepliaklqana
Kikubaaqudgha
Makhleb
Nemelex Xobeh
Okawaru
Qazlal
Ru
Sif Muna
Trog
Uskayaw
Vehumet
Wu Jian
Xom
Yredelemnul
Zin
The Shining One
Beogh

Shops:
D:5 =   D:13 (   D:14 %   Lair:1 =[

Annotations:
D:2 1 runed translucent door, Crazy Yiuf
D:6 Menkaure
D:12 4 exclusions
Lair:1 1 exclusion
Lair:4 Frances


Innate Abilities, Weirdness & Mutations

You are very small and have problems with some larger weapons.
You are too small for most types of armour.
You have supernaturally acute eyesight. (SInv)
You are a herbivore.
You cover ground extremely quickly.
You need to consume almost no food.
You possess an exceptional clarity of mind.
Your muscles are strong. (Str +2)


Message History

Okay, then.
Okay, then.
Okay, then.
Press: ? - help, v - describe, . - travel
Here: Frances, wielding a +0 dire flail and wearing a +0 ring mail (fast)
A web.
Press: ? - help, v - describe, . - travel The floor, spattered with blood.
Evoke which item? (* to show all) (? for menu, Esc to quit)
Aiming: Paralyse
Press: ? - help, Shift-Dir - straight line, f - Frances
Aim: Frances, wielding a +0 dire flail and wearing a +0 ring mail (fast, chance to defeat MR: 8%)
Okay, then.
Evoke which item? (* to show all) (? for menu, Esc to quit)
A fierce wind blows from the fan.
Frances is blown away by the wind.
Frances is caught in a web!
Frances screams a word of power!
The iron shot hits you!!
You die...
Your body crumbles into a pile of gold.

....###...##...#...........##
.....###..P###.#........^..#
..#### #.######.....^^.....###
### ###...##....^^^^^...^...#
#..#.........^.@^..^....#
##....#..##^..^.>....^..##
#######..P.####....^..^^^.....#
.##.##P......PP....^...^...#..#
....<##.........@^^....^.^...##
#....##.....#.....^.^.^....#..#
##.#.P#....####.......^....#..#
##........###.......#..###..##
##........##.....P.#..##.#.#
#.......####.........##...##
#.##.#...##....#.........!.#
#..###...PP..#.P...#.#######
#..##...............##


You could see Frances (webbed).

Vanquished Creatures
  Kirke (D:13)
  2 emperor scorpions
  An orc warlord (D:12)
  2 entropy weavers (Spider:1)
  A red draconian (Volcano)
  The ghost of spinks the Impaler, a journeyman MiBe of Trog (Lair:1)
  4 ogre magi
  Josephine (Lair:5)
  Harold (D:7)
  7 hydras
  A catoblepas (D:15)
  An ice dragon (D:14)
  4 vault guards (D:13)
  9 centaur warriors
  7 two-headed ogres
  4 death yaks
  An orc high priest (D:12)
  2 unseen horrors
  3 wizards (D:15)
  Pikel (D:7)
  6 orb spiders (Spider:1)
  A deep elf archer (D:13)
  5 orc knights
  5 cyclopes
  2 deep elf magi (D:14)
  3 ugly things
  2 manticores
  3 orc sorcerers
  10 wolf spiders
  A manticore (shapeshifter) (D:14)
  7 black mambas
  A salamander (shapeshifter) (D:14)
  5 centaur zombies
  2 gargoyles
  24 spiny frogs
  A freezing wraith (D:15)
  5 rime drakes
  An efreet (D:15)
  A yaktaur (D:14)
  3 demonic crawlers
  2 kobold demonologists
  14 komodo dragons
  2 tengu conjurers
  8 trolls
  13 jumping spiders
  A polar bear (Lair:6)
  A hornet (shapeshifter) (D:14)
  4 tyrant leeches (Lair:6)
  Grinder (D:6)
  A merfolk (D:9)
  A hornet (D:12)
  13 hippogriffs
  13 slime creatures
  34 blink frogs
  22 dream sheep
  13 tarantellas
  A shadow (D:14)
  A centaur simulacrum (D:15)
  40 redbacks
  28 yaks
  6 wraiths
  3 wyverns
  A basilisk (Lair:1)
  3 hungry ghosts
  3 fire bats (Lair:3)
  4 hogs (D:13)
  9 vampire mosquitoes
  A steam dragon (D:11)
  A human (D:13)
  3 insubstantial wisps (Lair:3)
  An acid dragon (D:15)
  19 water moccasins
  20 orc warriors
  7 porcupines
  A slave (D:7)
  2 black bears
  3 ice beasts
  4 sky beasts
  2 necrophages
  2 phantoms
  4 wolves
  17 centaurs
  2 ogres
  A tengu (shapeshifter) (D:14)
  15 crocodiles
  Blork the orc (D:6)
  32 bullfrogs
  3 scorpions
  17 killer bees
  9 wights
  7 howler monkeys
  An electric eel (Lair:6)
  10 crimson imps
  2 bullfrog zombies
  2 hippogriff simulacra (Lair:1)
  A quasit (D:8)
  10 jellies
  2 komodo dragon simulacra (Lair:1)
  15 orc priests
  18 orc wizards
  A centaur skeleton (D:10)
  5 hounds
  3 iguanas
  5 hell rats (Lair:5)
  8 worker ants
  2 killer bee zombies (D:7)
  3 hound skeletons
  A worker ant zombie (D:11)
  9 adders
  10 gnolls
  2 crocodile simulacra (Lair:1)
  A shadow imp (D:15)
  An ooze (D:2)
  2 adder skeletons
  A worm (D:2)
  2 dart slugs
  11 leopard geckos
  57 orcs
  9 giant cockroaches
  5 goblins
  13 hobgoblins
  9 jackals
  4 kobolds
  5 quokkas
  A ball python (D:4)
  6 bats
  3 frilled lizards
  A leopard gecko skeleton (D:4)
  A leopard gecko zombie (D:5)
  A quokka skeleton (D:5)
  4 rats
  5 plants
810 creatures vanquished.

Vanquished Creatures (collateral kills)
  A two-headed ogre (D:15)
  A cyclops (D:12)
  A troll (D:11)
  2 tarantellas
  A redback (Spider:1)
  A killer bee (D:11)
7 creatures vanquished.

Vanquished Creatures (others)
  A yak (D:10)
  2 dancing weapons
  2 killer bees (D:11)
  A crimson imp (D:7)
  A bush (Lair:6)
  8 fungi
  45 plants (Lair:6)
60 creatures vanquished.

Grand Total: 877 creatures vanquished

Notes
Turn   | Place    | Note
-------+----------+-------------------------------------------
     0 | D:1      | YuikonoTournament the Spriggan Assassin began the quest for
                  | the Orb.
     0 | D:1      | Reached XP level 1. HP: 10/10 MP: 2/2
   248 | D:1      | Reached skill level 6 in Stealth
   675 | D:1      | Reached XP level 2. HP: 7/14 MP: 3/3
  2038 | D:2      | Reached XP level 3. HP: 18/18 MP: 4/4
  2597 | D:2      | Reached skill level 7 in Stealth
  2935 | D:2      | Found a runed translucent door.
  2936 | D:2      | Noticed Crazy Yiuf
  3392 | D:3      | Reached XP level 4. HP: 22/22 MP: 5/5
  3975 | D:3      | Found a blossoming altar of Fedhas.
  4299 | D:3      | Reached skill level 8 in Stealth
  4299 | D:3      | Reached XP level 5. HP: 23/25 MP: 6/6
  5495 | D:4      | You fall through a shaft for 2 floors!
  5496 | D:6      | Noticed a black bear
  5498 | D:6      | Noticed Grinder
  5505 | D:6      | Killed Grinder
  5505 | D:6      | Reached skill level 5 in Short Blades
  5505 | D:6      | Reached skill level 9 in Stealth
  5505 | D:6      | Reached XP level 6. HP: 30/30 MP: 7/7
  5532 | D:5      | Entered Level 5 of the Dungeon
  6226 | D:4      | Got a pitted leather armour
  6227 | D:4      | Identified the +1 leather armour of Foolhardiness {Int+4
                  | Dex-5} (You found it on level 4 of the Dungeon)
  6645 | D:5      | Found an ornate altar of the Wu Jian Council.
  6749 | D:5      | Noticed a sky beast
  6821 | D:5      | Killed a sky beast
  6821 | D:5      | Reached skill level 10 in Stealth
  6821 | D:5      | Reached XP level 7. HP: 28/33 MP: 8/8
  6912 | D:5      | Found Wygadisk's Jewellery Shop.
  7488 | D:6      | Reached skill level 11 in Stealth
  7501 | D:6      | Noticed Menkaure
  7764 | D:6      | Noticed Blork the orc
  7870 | D:6      | Killed Blork the orc
  8378 | D:6      | Reached XP level 8. HP: 24/39 MP: 9/9
  9395 | D:7      | Reached skill level 12 in Stealth
 10345 | D:7      | Found a staircase to the Ecumenical Temple.
 10356 | Temple   | Entered the Ecumenical Temple
 10814 | Temple   | Became a worshipper of Gozag Ym Sagoz the Greedy
 11375 | D:7      | Reached skill level 1 in Slings
 11599 | D:7      | Reached skill level 13 in Stealth
 11912 | D:7      | Noticed Pikel
 12027 | D:7      | Killed Pikel
 12027 | D:7      | Reached skill level 5 in Fighting
 12027 | D:7      | Reached XP level 9. HP: 47/47 MP: 10/10
 12185 | D:7      | You fall through a shaft!
 12685 | D:7      | Noticed Harold
 12691 | D:7      | Killed Harold
 12691 | D:7      | Reached skill level 5 in Slings
 12691 | D:7      | Reached skill level 14 in Stealth
 13417 | D:8      | Learned a level 1 spell: Confusing Touch
 13420 | D:8      | Learned a level 2 spell: Slow
 13458 | D:8      | Reached XP level 10. HP: 53/53 MP: 11/11
 13864 | D:8      | Reached skill level 1 in Hexes
 14364 | D:9      | Reached skill level 15 in Stealth
 16198 | D:10     | Entered Level 10 of the Dungeon
 16220 | D:10     | Reached skill level 5 in Dodging
 16372 | D:10     | Found a staircase to the Lair.
 16780 | D:10     | Reached skill level 5 in Hexes
 16850 | D:10     | Reached XP level 11. HP: 30/57 MP: 12/12
 16857 | D:10     | Reached skill level 16 in Stealth
 17889 | D:11     | Noticed a brown ugly thing
 17893 | D:11     | Killed a brown ugly thing
 18060 | D:11     | Reached skill level 1 in Evocations
 18247 | D:11     | Identified a scroll of acquirement
 19078 | D:12     | Noticed an orc warlord
 19154 | D:12     | Killed an orc warlord
 19520 | D:12     | Noticed an orc knight
 19977 | D:11     | Identified the +2 leather armour of the Eleven Friends
                  | {Dex+3} (You found it on level 11 of the Dungeon)
 20083 | D:12     | Killed an orc knight
 20362 | D:12     | Reached skill level 10 in Slings
 21009 | D:12     | Reached skill level 1 in Shields
 21064 | D:12     | Noticed an orc high priest
 21094 | D:12     | Noticed a sixfirhy
 21144 | D:12     | Found a roughly hewn altar of Beogh.
 21169 | D:12     | Killed an orc high priest
 21352 | D:12     | Noticed an orc knight
 21452 | D:12     | Killed an orc knight
 21596 | D:12     | Noticed an orc sorcerer
 21611 | D:12     | Gained mutation: You can translocate small distances at
                  | will. [a neqoxec]
 21613 | D:12     | Noticed a sun demon
 21614 | D:12     | Killed an orc sorcerer
 21614 | D:12     | Reached XP level 12. HP: 62/62 MP: 16/16
 22155 | D:12     | Noticed a two-headed ogre
 22184 | D:12     | Noticed an ogre mage
 22215 | D:12     | Reached skill level 10 in Dodging
 22354 | D:12     | Found a staircase to the Orcish Mines.
 22612 | D:13     | Noticed a two-headed ogre
 22683 | D:13     | Killed a two-headed ogre
 22750 | D:13     | Learned a level 1 spell: Corona
 22754 | D:13     | Learned a level 3 spell: Confuse
 22758 | D:13     | Learned a level 3 spell: Tukima's Dance
 23063 | D:13     | Noticed a two-headed ogre
 23082 | D:13     | Killed a two-headed ogre
 23502 | D:13     | Noticed Kirke
 23536 | D:13     | Killed Kirke
 23536 | D:13     | Reached skill level 5 in Shields
 23536 | D:13     | Reached skill level 10 in Hexes
 23603 | D:13     | Noticed a two-headed ogre
 23610 | D:13     | Killed a two-headed ogre
 23626 | D:13     | Found a glowing golden altar of the Shining One.
 23628 | D:13     | You fall through a shaft!
 23628 | D:14     | Found Reys's Food Shop.
 23962 | D:13     | Noticed a centaur warrior
 24027 | D:13     | Reached XP level 13. HP: 65/65 MP: 12/17
 24682 | D:13     | Found a gate to the Vaults.
 25082 | D:14     | Found a basalt altar of Yredelemnul.
 25382 | D:13     | Bought a translucent fustibalus for 720 gold pieces
 25383 | D:13     | Identified the cursed +0 fustibalus of Xom's Condemnation
                  | {velocity, MR+} (You bought it in a shop on level 13 of the
                  | Dungeon)
 25385 | D:13     | Bought a glowing hunting sling for 162 gold pieces
 25390 | D:13     | Bought a glowing dagger for 180 gold pieces
 28234 | D:15     | Entered Level 15 of the Dungeon
 28298 | D:15     | Reached XP level 14. HP: 61/70 MP: 8/18
 29050 | D:15     | Reached skill level 5 in Evocations
 29344 | D:15     | Lost mutation: You can translocate small distances at will.
                  | [potion of mutation]
 29344 | D:15     | Gained mutation: Your muscles are strong. (Str +2) [potion
                  | of mutation]
 29344 | D:15     | Gained mutation: You possess an exceptional clarity of
                  | mind. [potion of mutation]
 29432 | D:15     | Reached skill level 17 in Stealth
 29670 | D:15     | Reached skill level 15 in Hexes
 31170 | D:15     | Found a staircase to the Depths.
 31643 | Lair:1   | Entered Level 1 of the Lair of Beasts
 31729 | Lair:1   | Bought the ring "Mychos" {Wiz +Fly rElec Str+2 Slay+3} for
                  | 817 gold pieces
 31729 | Lair:1   | Bought the amulet "Deahoav" {+Rage rC+++ MR+ Dex-3} for
                  | 1056 gold pieces
 31744 | Lair:1   | Learned a level 2 spell: Blink
 32049 | Lair:1   | Reached skill level 1 in Spellcasting
 32200 | Lair:1   | Identified the +2 fustibalus of Vexeliv {velocity, rC+
                  | Str+2} (You found it on level 1 of the Lair of Beasts)
 32265 | Lair:1   | Found a runed translucent gate.
 32265 | Lair:1   | Found a runed translucent gate.
 32265 | Lair:1   | Found a runed translucent gate.
 32667 | Lair:1   | Noticed spinks's ghost (journeyman MiBe)
 32670 | Lair:1   | Killed spinks's ghost
 32697 | Lair:1   | Reached skill level 18 in Stealth
 33368 | Lair:2   | Identified the cursed +1 hand axe of Honour {chop, MR+}
                  | (You found it on level 2 of the Lair of Beasts)
 33457 | Lair:2   | Learned a level 2 spell: Ensorcelled Hibernation
 34517 | Lair:3   | Found a dark tunnel.
 34525 | Lair:3   | Reached skill level 1 in Ice Magic
 34611 | Volcano  | Entered a volcano
 34994 | Lair:3   | Reached XP level 15. HP: 56/78 MP: 17/23
 35292 | Lair:3   | Found a staircase to the Swamp.
 35667 | Lair:3   | Reached skill level 5 in Spellcasting
 35871 | Lair:1   | Bought the quicksilver dragon scales "Ahen" {MR+ Regen+
                  | Str+3 Stlth-} for 1366 gold pieces
 36079 | Lair:4   | Found a hole to the Spider Nest.
 36718 | Lair:4   | Reached skill level 10 in Fighting
 38273 | Lair:5   | Identified the +3 shortbow "Spriggan's Curse" {velocity,
                  | -Tele Dex+4} (You found it on level 5 of the Lair of
                  | Beasts)
 38296 | Lair:5   | Noticed Josephine
 38386 | Lair:5   | Killed Josephine
 38978 | Lair:6   | Entered Level 6 of the Lair of Beasts
 43172 | Lair:6   | Found a staircase to the Slime Pits.
 44079 | Lair:1   | Bought an uncursed ring of poison resistance for 260 gold
                  | pieces
 44086 | Lair:1   | Learned a level 3 spell: Mephitic Cloud
 44139 | Spider:1 | Entered Level 1 of the Spider Nest
 44356 | Spider:1 | Reached skill level 1 in Poison Magic
 44377 | Spider:1 | Reached skill level 1 in Air Magic
 44670 | Lair:4   | Reached XP level 16. HP: 93/93 MP: 24/24
 47445 | Spider:1 | Reached skill level 19 in Stealth
 47515 | Spider:2 | Noticed Frances
 48534 | Lair:4   | Killed from afar by Frances

Skill      XL: |  1  2  3  4  5  6  7  8  9 10 11 12 13 14 15 16 |
---------------+-------------------------------------------------+-----
Stealth        | 6 7 8 9 10 11 13 14 15 16 18 19 | 19.2
Short Blades   | 3 4 5 6 8 |  8.2
Fighting       | 2 5 6 8 14 | 14.1
Slings         | 3 6 8 10 11 | 11.0
Hexes          | 5 7 10 14 15 16 | 16.1
Dodging        | 6 9 10 | 10.6
Evocations     | 4 7 |  7.5
Shields        | 1 5 7 |  7.2
Spellcasting   | 4 5 |  5.0
Ice Magic      | 1 |  1.7
Poison Magic   | 2 4 |  4.1
Air Magic      | 2 3 |  3.7
Throwing       | |  2.0

Action                   |  1- 3 |  4- 6 |  7- 9 | 10-12 | 13-15 | 16-18 || total
-------------------------+-------+-------+-------+-------+-------+-------++-------
Melee: Dagger            |   279 |   292 |   360 |   645 |  1403 |   198 ||  3177
 Fire: Blowgun           |       |     8 |    23 |   135 |    31 |       ||   197
       Hunting sling     |       |     5 |   176 |   320 |   152 |       ||   653
       Fustibalus        |       |       |       |       |   604 |    28 ||   632
Throw: Stone             |    16 |    26 |    32 |    53 |    76 |     6 ||   209
 Cast: Confusing Touch   |       |       |       |    28 |    12 |     2 ||    42
       Slow              |       |       |       |     3 |       |       ||     3
       Confuse           |       |       |       |     5 |    93 |     8 ||   106
       Tukima's Dance    |       |       |       |     1 |    14 |       ||    15
       Ensorcelled Hiber |       |       |       |       |     8 |    19 ||    27
       Corona            |       |       |       |       |     2 |       ||     2
       Mephitic Cloud    |       |       |       |       |     6 |    34 ||    40
       Blink             |       |       |       |       |       |     1 ||     1
Invok: Call Merchant     |       |       |       |       |     3 |       ||     3
Evoke: Wand              |       |       |     8 |    31 |       |     1 ||    40
       Fan of gales      |       |       |       |       |       |     1 ||     1
  Use: Scroll            |     6 |     4 |     1 |    17 |    18 |     3 ||    49
       Potion            |     1 |     1 |     2 |    10 |     4 |     3 ||    21
 Stab: Sleeping          |    10 |    12 |     8 |    48 |    58 |    13 ||   149
       Distracted        |     1 |     2 |     1 |     8 |    12 |     1 ||    25
       Confused          |       |       |       |    23 |    53 |    28 ||   104
       Held in net/web   |       |       |       |       |     3 |       ||     3
  Eat: Ration            |       |     2 |     4 |     9 |    19 |     2 ||    36
Armor: Robe              |    32 |    28 |    55 |    30 |    70 |    41 ||   256
       Skin              |       |       |       |    23 |       |       ||    23
       Quicksilver drago |       |       |       |       |     4 |       ||     4
Dodge: Dodged            |   194 |   186 |   208 |   314 |   845 |   244 ||  1991
Block: Buckler           |       |       |       |    41 |   380 |   112 ||   533
